 Dungeon Crawl Stone Soup version 0.23.2-33-g5129a83184 (webtiles) character file.

Game seed: 5583560498202397588

178 FishyPogo the Firebug (level 5, -1/40 HPs)
             Began as a Draconian Fire Elementalist on July 25, 2019.
             Was a Follower of Dithmenos.
             Slain by a gnoll
             ... wielding a +0 spear
              (10 damage)
             ... on level 3 of the Dungeon.
             The game lasted 00:26:03 (2895 turns).

FishyPogo the Firebug (Draconian Fire Elementalist) Turns: 2895, Time: 00:26:03

Health: -1/40      AC:  5    Str: 11    XL:     5   Next: 32%
Magic:  1/9        EV: 12    Int: 16    God:    Dithmenos [*.....]
Gold:   122        SH:  0    Dex: 11    Spells: 2/9 levels left

rFire    . . .     SeeInvis .   a - +0 broad axe
rCold    . . .     Gourm    .   (no shield)
rNeg     . . .     Faith    .   (armour unavailable)
rPois    .         Spirit   .   (helmet restricted)
rElec    .         Reflect  .   (no cloak)
rCorr    .         Harm     .   (no gloves)
MR       .....                  (no boots)
Stlth    ++........             (no amulet)
HPRegen  0.13/turn              k - ring of wizardry
MPRegen  0.11/turn              (no ring)

@: about to teleport, wreathed by umbra
A: unfitting armour, cold-blooded, AC +5
a: Renounce Religion


You were on level 3 of the Dungeon.
You worshipped Dithmenos.
Dithmenos was aware of your devotion.
You were not hungry.

You visited 1 branch of the dungeon, and saw 3 of its levels.

You collected 122 gold pieces.

Inventory:

Hand Weapons
 a - a +0 broad axe (weapon)
 b - a +1 dagger of holy wrath
 h - a +0 short sword
 n - a +1 mace
Jewellery
 k - a ring of wizardry (left hand)
Wands
 m - a wand of acid (3)
Scrolls
 d - a scroll of enchant armour {unknown}
 e - a scroll of remove curse {unknown}
 f - 2 scrolls of teleportation
 g - 4 scrolls of identify
Potions
 i - a potion of flight {unknown}
 j - a potion of degeneration {unknown}
 l - a potion of curing
Comestibles
 c - 5 rations
 o - 5 chunks of flesh


   Skills:
 + Level 1.3 Fighting
 + Level 1.0 Short Blades
 + Level 1.0 Maces & Flails
 * Level 2.2 Dodging
 * Level 2.3 Stealth
 * Level 2.9 Spellcasting
 * Level 2.6 Conjurations
 + Level 3.4 Fire Magic
 * Level 0.8 Invocations


You had 2 spell levels left.
You knew the following spells:

 Your Spells              Type           Power        Failure   Level  Hunger
a - Flame Tongue          Conj/Fire      ##...        2%          1    #......
b - Throw Flame           Conj/Fire      ##....       3%          2    ##.....
c - Sticky Flame          Conj/Fire      ##......     21%         4    #####..

Your spell library contained the following spells:

 Spells                   Type           Power        Failure   Level  Hunger
 Conjure Flame            Conj/Fire      ##......     6%          3    ###....
 Inner Flame              Hex/Fire       #.......     12%         3    ###....
 Fireball                 Conj/Fire      ##........   50%         5    ######.


Dungeon Overview and Level Annotations

Branches:
Dungeon (3/15)

Altars:
Ashenzari
Cheibriados
Dithmenos
Fedhas
Okawaru
Qazlal
Ru


Innate Abilities, Weirdness & Mutations

Your plain brown scales are hard. (AC +5)
You cannot fit into any form of body armour.
You are cold-blooded and may be slowed by cold attacks.


Message History

The gnoll is lightly wounded.
The gnoll misses you.
You hit the gnoll. You tail-slap the gnoll.
The gnoll is heavily wounded.
The gnoll hits you but does no damage.
The gnoll hits you from afar with a +0 spear.
The gnoll barely misses you.
You barely miss the gnoll.
The gnoll is heavily wounded.
The gnoll hits you but does no damage. The gnoll misses you. x2
You hit the gnoll but do no damage.
The gnoll is moderately wounded.
The gnoll completely misses you.
The gnoll hits you from afar with a +0 spear!
* * * LOW HITPOINT WARNING * * *
The gnoll barely misses you. The gnoll hits you but does no damage.
As you read the scroll of teleportation, it crumbles to dust.
You feel strangely unstable. The gnoll closely misses you.
The gnoll hits you from afar with a +0 spear!
You die...

.#.##.#
########.#.....######.
.#.##.# ...#.#)..#####
.#.##.# ###.#(...)...#
##.##.# #....÷###.##.#
....#.# #.#...#....#.#
#####.# #.#...####.#.#
.....># #..........#.#
#######
######...######.# ..
.......@........#
#.########g########
##.........g.......
................###
............(...#
................#
.........g.†....#
................#
................#


You could see 2 gnolls.

Vanquished Creatures
  Natasha (twice) (D:2)
  Robin (D:2)
  A gnoll (D:3)
  3 adders
  A dart slug (D:1)
  2 leopard geckos
  5 orcs (D:3)
  3 giant cockroaches
  13 goblins
  7 hobgoblins
  3 jackals (D:2)
  10 kobolds
  2 quokkas (D:2)
  12 bats
  2 frilled lizards
  6 rats
73 creatures vanquished.

Notes
Turn   | Place    | Note
-------+----------+-------------------------------------------
     0 | D:1      | FishyPogo the Draconian Fire Elementalist began the quest
                  | for the Orb.
     0 | D:1      | Reached XP level 1. HP: 14/14 MP: 3/3
   183 | D:1      | Reached XP level 2. HP: 10/20 MP: 0/5
   778 | D:2      | Noticed Robin
  1165 | D:1      | Reached XP level 3. HP: 12/27 MP: 4/6
  1286 | D:2      | Killed Robin
  1564 | D:2      | Learned a level 2 spell: Throw Flame
  1675 | D:2      | Noticed Natasha
  1751 | D:2      | Killed Natasha
  1751 | D:2      | Reached skill level 1 in Fighting
  1751 | D:2      | Reached XP level 4. HP: 35/35 MP: 2/8
  1811 | D:2      | Noticed Natasha
  1814 | D:2      | Killed Natasha
  1826 | D:2      | Learned a level 4 spell: Sticky Flame
  2108 | D:2      | Found a faded altar of an unknown god.
  2114 | D:2      | Became a worshipper of Dithmenos the Shadowed
  2114 | D:2      | Reached * piety under Dithmenos
  2250 | D:3      | Reached XP level 5. HP: 39/40 MP: 6/9
  2779 | D:3      | Found a shattered altar of Ashenzari.
  2783 | D:3      | Found a blossoming altar of Fedhas.
  2784 | D:3      | Found a sacrificial altar of Ru.
  2784 | D:3      | Found a stormy altar of Qazlal.
  2785 | D:3      | Found a snail-covered altar of Cheibriados.
  2788 | D:3      | Found an iron altar of Okawaru.
  2836 | D:3      | Reached skill level 1 in Short Blades
  2836 | D:3      | Reached skill level 1 in Maces & Flails
  2895 | D:3      | Slain by a gnoll

Skill      XL: |  1  2  3  4  5 |
---------------+----------------+-----
Stealth        | 2 |  2.3
Conjurations   | 2 |  2.6
Fighting       | 1 |  1.3
Dodging        | 2 |  2.2
Short Blades   | 1 |  1.0
Maces & Flails | 1 |  1.0
Spellcasting   | |  2.9
Fire Magic     | |  3.4
Invocations    | |  0.8

Action                   |  1- 3 |  4- 6 || total
-------------------------+-------+-------++-------
Melee: Short sword       |    17 |       ||    17
       Tailslap          |     4 |     3 ||     7
       Mace              |    26 |       ||    26
       Dagger            |    13 |    18 ||    31
       Broad axe         |       |    26 ||    26
 Cast: Flame Tongue      |    43 |    25 ||    68
       Throw Flame       |     5 |    19 ||    24
       Sticky Flame      |       |     2 ||     2
  Use: Scroll            |     5 |     2 ||     7
       Potion            |     1 |       ||     1
 Stab: Sleeping          |     2 |       ||     2
  Eat: Chunk             |     3 |     6 ||     9
Armor: Skin              |    22 |    21 ||    43
Dodge: Dodged            |    53 |    49 ||   102
